 Dungeon Crawl Stone Soup version 0.27-a0-978-g2aa4ecdaef (webtiles) character file.

Game seed: 15455152896670735462

265 senseless the Slasher (level 6, -1/53 HPs)
             Began as a Hill Orc Fighter on Apr 14, 2021.
             Was a Follower of Beogh.
             Slain by a scorpion (4 damage)
             ... on level 4 of the Dungeon.
             The game lasted 00:07:03 (2581 turns).

senseless the Slasher (Hill Orc Fighter)            Turns: 2581, Time: 00:07:04

Health: -1/53      AC:  9    Str: 21    XL:     6   Next: 20%
Magic:  6/6        EV:  7    Int:  8    God:    Beogh [*.....]
Gold:   65         SH:  9    Dex: 10    Spells: 5/5 levels left

rFire    + . .     SeeInvis .   a - +0 long sword
rCold    + . .     Faith    .   c - +0 kite shield
rNeg     . . .     Spirit   .   b - +0 scale mail
rPois    .         Reflect  .   (no helmet)
rElec    .         Harm     .   p - scarf {rC+ rF+}
rCorr    .         Rampage  .   m - +0 pair of gloves
Will     .....                  k - +0 pair of boots
Stlth    ..........             (no amulet)
HPRegen  0.17/turn              j - ring of flight
MPRegen  0.10/turn              (no ring)

@: flying
A: no striking features
a: Renounce Religion


You were on level 4 of the Dungeon.
You worshipped Beogh.
Beogh was aware of your devotion.
You visited 1 branch of the dungeon, and saw 4 of its levels.

You collected 110 gold pieces.
You spent 45 gold pieces at shops.

Inventory:

Hand Weapons
 a - a +0 long sword (weapon)
 h - a +1 dagger of speed
 q - a +0 rapier
Armour
 b - a +0 scale mail (worn)
 c - a +0 kite shield (worn)
 k - a +0 pair of boots (worn)
 m - a +0 pair of gloves (worn)
 p - a scarf of resistance (worn)
Jewellery
 j - a ring of flight (left hand)
Wands
 n - a wand of flame (32)
Scrolls
 i - 2 scrolls of identify {unknown}
 l - a scroll of enchant weapon {unknown}
Potions
 d - 2 potions of might
 f - a potion of mutation {unknown}
 g - a potion of ambrosia {unknown}
 o - a potion of berserk rage {unknown}


   Skills:
 + Level 4.4 Fighting
 + Level 4.6 Long Blades
 + Level 4.4 Armour
 + Level 0.4 Dodging
 + Level 4.5 Shields


You had 5 spell levels left.
You didn't know any spells.
Your spell library was empty.

Dungeon Overview and Level Annotations

Branches:
Dungeon (4/15)
 Temple: D:4-7

Altars:
Beogh

Shops:
D:1 (   D:2 *


Message History

The endoplasm barely misses you.
You feel very sick.
The endoplasm hits you but does no damage.
The scorpion stings you.
You are lethally poisoned!
The scorpion poisons you!
* * * LOW HITPOINT WARNING * * *
You feel very sick.
The endoplasm hits you but does no damage.
There is a stone staircase leading up here.
* * * LOW HITPOINT WARNING * * *
You feel very sick. The scorpion stings you!
* * * LOW HITPOINT WARNING * * *
A white imp comes into view.
It was a potion of curing.
You feel better. The scorpion stings you!
* * * LOW HITPOINT WARNING * * *
The endoplasm hits you.
* * * LOW HITPOINT WARNING * * *
You feel better. The scorpion stings you.
* * * LOW HITPOINT WARNING * * *
The endoplasm freezes you.
You are frozen.
You resist.
* * * LOW HITPOINT WARNING * * *
A hobgoblin comes into view.
Unknown command.
The hobgoblin shouts!
You block the endoplasm's attack. You block the scorpion's attack.
A hobgoblin comes into view.
The hobgoblin shouts!
Found 7 boomerangs and 18 stones.
You slash the endoplasm!
You kill the endoplasm!
Beogh accepts your kill. The scorpion stings you.
* * * LOW HITPOINT WARNING * * *
You hit the scorpion.
The scorpion is heavily wounded.
You block the scorpion's attack. The scorpion stings you.
You die...

(...... .....(.
....... #########
...g...
..........
.......
#......$...
.......
#..........
#...###......!...
#...@s5..........
##..##..........
#.. ##......#
###.. #..?...#
.....###.<....#
#.........#.$.+
##....$.....###
.............#
......g.####..#


You could see a scorpion, a white imp and a hobgoblin.

Vanquished Creatures
  Sigmund (D:3)
  3 adders
  3 worms
  5 dart slugs
  An orc (D:3)
  5 ball pythons
  7 endoplasms
  2 giant cockroaches
  4 goblins
  6 hobgoblins
  2 jackals (D:1)
  2 quokkas
  4 bats
  A frilled lizard (D:1)
  10 kobolds
  6 rats
62 creatures vanquished.

Notes
Turn   | Place    | Note
-------+----------+-------------------------------------------
     0 | D:1      | senseless the Hill Orc Fighter began the quest for the Orb.
     0 | D:1      | Reached XP level 1. HP: 19/19 MP: 1/1
    50 | D:1      | Reached XP level 2. HP: 9/27 MP: 2/2
   405 | D:1      | Found Qoynnamu's Weapon Shop.
   588 | D:1      | Reached XP level 3. HP: 33/33 MP: 3/3
   894 | D:2      | Found Nocuaqiq's General Store.
  1388 | D:2      | Reached XP level 4. HP: 40/40 MP: 4/4
  1551 | D:2      | Found a faded altar of an unknown god.
  1560 | D:2      | Bought a +0 pair of boots for 45 gold pieces
  1662 | D:2      | Became a worshipper of Beogh the Brigand
  1662 | D:2      | Reached * piety under Beogh
  1958 | D:3      | Noticed Sigmund
  2354 | D:3      | Killed Sigmund
  2355 | D:3      | Reached XP level 5. HP: 36/47 MP: 5/5
  2355 | D:3      | Reached XP level 6. HP: 41/53 MP: 6/6
  2573 | D:4      | HP: 1/53 [endoplasm (2)]
  2581 | D:4      | Slain by a scorpion

Illustrated notes

Levels and vault maps discovered:
D:1:      wander_arrival_estate, layout_loops_ring, serial_shops, shop
D:2:      layout_loops_ring, serial_shops, shop,
          hellmonk_ecumenical_altar_pennies_from_heaven
D:3:      layout_rooms, grunt_decor_arrowhead, uniq_sigmund
D:4:      layout_rooms, minmay_temple_entry_glassed_door

Skill      XL: |  1  2  3  4 |
---------------+-------------+-----
Long Blades    | 3 4 |  4.6
Shields        | 4 |  4.5
Fighting       | 4 |  4.4
Armour         | 4 |  4.4
Dodging        | |  0.4

Action                   |  1- 3 |  4- 6 || total
-------------------------+-------+-------++-------
Melee: Long sword        |    94 |    80 ||   174
  Use: Potion            |       |     2 ||     2
Armor: Scale mail        |    41 |    36 ||    77
Dodge: Dodged            |    42 |    16 ||    58
Block: Kite shield       |    55 |    39 ||    94
       Rpst.: Long sword |    14 |     3 ||    17

Table legend: (Time is in decaauts)
 A = Elapsed time spent in this place.
 B = Non-inter-level travel time spent in this place.
 C = Inter-level travel time spent in this place.
 D = Time resting spent in this place.
 E = Time spent auto-exploring this place.
 F = Levels seen in this place.
 G = Mean time per level.
                   A        B        C        D        E       F      G
               +--------+--------+--------+--------+--------+-----+--------+
         Total |   2663 |   2565 |     98 |    245 |   1812 |   4 |  665.8 |
       Dungeon |   2663 |   2565 |     98 |    245 |   1812 |   4 |  665.8 |
               +--------+--------+--------+--------+--------+-----+--------+

Top non-repeatable levels by time:
     D:2: 1114 daAuts
     D:1: 919 daAuts
     D:3: 607 daAuts
     D:4: 22 daAuts
